 Dungeon Crawl Stone Soup version 0.20.1-1-g8b1a95d (webtiles) character file.

12594 gobwax the Summoner (level 11, -10/68 HPs)
             Began as a Barachi Summoner on July 28, 2017.
             Was a High Priest of Sif Muna.
             Shot with a bolt by a yaktaur captain (34 damage)
             ... on level 12 of the Dungeon.
             The game lasted 01:19:24 (16248 turns).

gobwax the Summoner (Barachi Summoner)             Turns: 16248, Time: 01:19:25

Health: -10/68     AC: 10    Str:  9    XL:     11   Next: 95%
Magic:  0/34       EV: 12    Int: 19    God:    Sif Muna [*****.]
Gold:   352        SH:  0    Dex: 13    Spells: 14/30 levels left

rFire    . . .     SeeInvis .   Q - staff of air
rCold    + + +     Gourm    .   (no shield)
rNeg     . . .     Faith    .   N - +1 leather armour of the Empire {rElec rC+}
rPois    +         Spirit   +   B - +2 hat
rElec    +         Reflect  .   O - +0 cloak
rCorr    .         Harm     .   F - +1 pair of gloves
MR       .....                  d - +2 pair of boots
Stlth    ++........             E - amulet of guardian spirit
Regen    0.3/turn               q - ring of magical power
MPRegen  0.3/turn               s - ring of protection from cold

@: about to teleport, can't hop, slow
A: +LOS, swims, talons 1, cold resistance 1, deformed body, poison resistance,
slowness 1, no potion heal 1, strong legs 1
a: Hop, Divine Energy, Channel Magic, Forget Spell, Renounce Religion


You were on level 12 of the Dungeon.
You worshipped Sif Muna.
Sif Muna was extremely pleased with you.
You were very hungry.

You visited 1 branch of the dungeon, and saw 12 of its levels.
You also visited: Sewer.

You collected 727 gold pieces.
You spent 375 gold pieces at shops.

Inventory:

Hand Weapons
 a - the +10 mace "Blob" {protect, rF+ rC+, unknown}
   (You took it off an orc wizard on level 12 of the Dungeon)

   It protects the one who uses it against injury (+AC on strike).
   It protects you from fire.
   It protects you from cold.
Armour
 d - a +2 pair of boots (worn)
 B - a +2 hat (worn)
 F - a +1 pair of gloves (worn)
 N - the +1 leather armour of the Empire (worn) {rElec rC+}
   (You found it on level 7 of the Dungeon)

   It protects you from cold.
   It insulates you from electricity.
 O - a +0 cloak (worn)
Magical Staves
 Q - an uncursed staff of air (weapon)
Jewellery
 q - a ring of magical power (left hand)
 s - a ring of protection from cold (right hand)
 t - an uncursed ring of resist corrosion
 E - an amulet of guardian spirit (around neck)
Wands
 l - a wand of flame (33/48)
 A - a wand of random effects (18/48)
 S - a wand of digging (11/24)
 V - a wand of disintegration (23/24)
 X - a wand of lightning (8/15)
Scrolls
 e - a scroll of vulnerability {unknown}
 h - 4 scrolls of enchant armour
 i - 11 scrolls of identify
 j - 3 scrolls of amnesia
 m - 5 scrolls of remove curse
 o - a scroll of magic mapping
 w - 6 scrolls of teleportation
 J - 2 scrolls of enchant weapon
 K - 2 scrolls of recharging
 Y - a scroll of fog {unknown}
Potions
 f - 4 potions of curing
 p - 3 potions of ambrosia
 u - 3 potions of haste
 v - 2 potions of might
 z - a potion of heal wounds
 R - a potion of brilliance
 W - a potion of flight
 Z - a potion of agility
Books
 b - a book of Callings

   Spells                             Type                      Level
   a - Summon Small Mammal            Summoning                    1
   b - Call Imp                       Summoning                    2
   c - Call Canine Familiar           Summoning                    3
   d - Summon Guardian Golem          Hexes/Summoning              3
   e - Summon Lightning Spire         Summoning/Air                4
   f - Summon Ice Beast               Ice/Summoning                4
 y - a book of Misfortune

   Spells                             Type                      Level
   a - Confusing Touch                Hexes                        1
   b - Confuse                        Hexes                        3
   c - Gell's Gravitas                Translocation                3
   d - Petrify                        Transmutation/Earth          4
   e - Metabolic Englaciation         Hexes/Ice                    5
   f - Yara's Violent Unravelling     Hexes/Transmutation          5
 M - Sif Muna's Guide on Aerial Beguiling
   (Sif Muna gifted it to you on level 12 of the Dungeon)

   Spells                             Type                      Level
   a - Inner Flame                    Hexes/Fire                   3
   b - Invisibility                   Hexes                        6
   c - Chain Lightning                Conjuration/Air              8
Miscellaneous
 g - a lightning rod (2/4)
 n - a sack of spiders
Comestibles
 c - 9 bread rations
 k - 26 fruits
 x - a royal jelly
 L - 7 meat rations


   Skills:
 - Level 2.1 Dodging
 - Level 1.7 Stealth
 + Level 10.3 Spellcasting
 - Level 0.7 Hexes
 * Level 13.3 Summonings
 - Level 10.2 Ice Magic
 * Level 8.4 Air Magic


You had 14 spell levels left.
You knew the following spells:

 Your Spells              Type           Power        Failure   Level  Hunger
b - Call Imp              Summ           ######..     1%          2    None
c - Call Canine Familiar  Summ           ######..     1%          3    None
d - Summon Guardian Gole  Hex/Summ       #####...     1%          3    None
e - Summon Ice Beast      Ice/Summ       ######..     1%          4    ##.....
f - Summon Lightning Spi  Summ/Air       ######..     1%          4    ##.....


Dungeon Overview and Level Annotations

Branches:
Dungeon (12/15)            Temple (0/1) D:7            Lair (0/6) D:8
    Orc (0/2) D:12

Altars:
Ashenzari
Cheibriados
Dithmenos
Hepliaklqana
Okawaru
Qazlal
Ru
Sif Muna
Uskayaw
Xom
The Shining One

Shops:
D:8 *

Annotations:
D:4 Use dig to get book


Innate Abilities, Weirdness & Mutations

Shadows flee at your approach. (+LOS)
You can swim through water.
You cover ground slowly.
You can hop short distances.
You have sharp toenails.
Your flesh is cold resistant. (rC+)
Armour fits poorly on your strangely shaped body.
Your system is resistant to poisons. (rPois)
Potions are less effective at restoring your health.


Message History

You feel strangely unstable.
Your ice beast hits the yaktaur captain but does no damage.
The yaktaur captain unwields an uncursed arbalest.
The yaktaur captain wields an uncursed long sword.
The yaktaur captain hits your ice beast with an uncursed long sword!!
Your ice beast dies!
The tengu reaver hits you with a twisted scimitar {elec}!
The tengu reaver pecks you but does no damage.
The tengu reaver claws you.
Hop to where?
Press: ? - help, Dir - move target cursor Boing!
The tengu reaver hits your lightning spire with a twisted scimitar {elec}!!
The tengu reaver pecks your lightning spire but does no damage.
The tengu reaver claws your lightning spire.
The yaktaur captain unwields an uncursed long sword.
The yaktaur captain wields an uncursed arbalest.
The yaktaur captain shoots a bolt.
The bolt hits you!!
Ouch! That really hurt!
You die...

##.#...#...# #.###
###..###..# #..)# #.##
##.# #().# # #..###.(#
#...# # #...#...# #.### #
# ##..#.(## #(#ยง#.#.# #
#.(.#...#########cQ.#...#
#
#..(#.....#...#).8..#...#
#
##..##.../(..@.)[..##..##
# #..(##..#..#..#..## .#
# ##..(############# ## #
##.....#..#..#.. #
##(............. #
###...#...#...## # #####
####### #


You could see a tengu reaver, a yaktaur captain and a friendly lightning spire.

Vanquished Creatures
  A yak (D:12)
1 creature vanquished.

Vanquished Creatures (collateral kills)
  A sphinx (D:12)
  A deep elf annihilator (D:12)
  A hydra (D:12)
  A centaur warrior (D:12)
  4 two-headed ogres
  An ogre mage (D:12)
  A death yak (D:12)
  2 tengu warriors (D:12)
  A phantasmal warrior (D:12)
  A cyclops (D:11)
  2 manticores (D:12)
  2 ugly things (D:11)
  2 gargoyles
  2 polar bears (D:12)
  A hornet (D:10)
  A hornet (shapeshifter) (D:12)
  2 hippogriffs
  A centaur simulacrum (D:12)
  A shadow (D:12)
  A water elemental (D:12)
  A wyvern (D:11)
  A basilisk (D:12)
  A vampire (D:9)
  10 yaks
  2 wraiths
  6 vampire mosquitoes
  2 steam dragons (D:5)
  Eustachio (D:4)
  5 wargs
  Menkaure (D:5)
  A soldier ant (D:11)
  An acid dragon (D:12)
  2 orc warriors
  10 ice beasts
  3 phantoms
  4 sky beasts
  An ice beast (shapeshifter) (D:12)
  2 necrophages
  An eye of draining (D:12)
  8 ogres
  2 wolves (D:12)
  5 centaurs
  Blork the orc (D:6)
  2 big kobolds (D:8)
  3 bullfrogs
  A water moccasin zombie (D:10)
  8 scorpions
  10 killer bees
  7 wights
  3 howler monkeys
  7 crimson imps
  A quasit (D:8)
  A bullfrog zombie (D:12)
  3 centaur zombies
  10 hounds
  A centaur skeleton (D:8)
  6 jellies
  6 orc priests
  4 bullfrog skeletons
  Jessica (D:2)
  9 orc wizards
  8 worker ants
  2 bullfrog simulacra (D:12)
  2 hound zombies
  A worker ant zombie (D:10)
  Robin (D:2)
  A howler monkey skeleton (D:7)
  17 adders
  2 shadow imps
  2 white imps (D:12)
  2 ufetubi (D:12)
  2 adder skeletons
  An adder zombie (D:9)
  6 worms
  A dart slug (D:1)
  3 leopard geckos
  33 orcs
  2 giant cockroaches
  20 goblins
  10 hobgoblins
  2 iguanas
  21 jackals
  4 quokkas
  6 ball pythons
  3 bats
  7 frilled lizards
  A jackal skeleton (D:5)
  11 kobolds
  A quokka skeleton (D:5)
  6 rats
361 creatures vanquished.

Vanquished Creatures (others)
  A yak (D:12)
  A fungus (D:5)
2 creatures vanquished.

Grand Total: 364 creatures vanquished

Notes
Turn   | Place    | Note
-------+----------+-------------------------------------------
     0 | D:1      | gobwax the Barachi Summoner began the quest for the Orb.
     0 | D:1      | Reached XP level 1. HP: 13/13 MP: 3/3
    49 | D:1      | Reached skill level 5 in Summonings
   382 | D:1      | Reached XP level 2. HP: 19/19 MP: 3/5
  1111 | D:2      | Learned a level 2 spell: Call Imp
  1221 | D:2      | Reached XP level 3. HP: 7/24 MP: 0/6
  1552 | D:2      | Noticed Jessica
  1553 | D:2      | Noticed Robin
  1585 | D:2      | Killed Robin
  1585 | D:2      | Reached skill level 6 in Summonings
  1594 | D:2      | Killed Jessica
  1594 | D:2      | Reached XP level 4. HP: 14/30 MP: 1/8
  1756 | D:2      | Learned a level 3 spell: Call Canine Familiar
  1760 | D:2      | Learned a level 3 spell: Summon Guardian Golem
  2192 | D:3      | Found a shimmering altar of Xom.
  2207 | D:3      | Found a glowing golden altar of the Shining One.
  2821 | D:4      | Reached XP level 5. HP: 26/35 MP: 1/10
  2895 | D:4      | Found a glowing drain.
  2908 | Sewer    | Entered a sewer
  3677 | D:4      | Reached skill level 7 in Summonings
  3698 | D:4      | Noticed an ogre
  3707 | D:4      | Killed an ogre
  3707 | D:4      | Reached XP level 6. HP: 40/41 MP: 12/12
  3717 | D:4      | Noticed Eustachio
  3860 | D:4      | Killed Eustachio
  4358 | D:4      | Noticed a dagger
  4360 | D:4      | Noticed an enchanted hand axe
  4361 | D:4      | Found a hide-covered altar of Uskayaw.
  4711 | D:5      | Entered Level 5 of the Dungeon
  4779 | D:5      | Noticed a phantom
  4826 | D:5      | Killed a phantom
  4826 | D:5      | Reached skill level 5 in Spellcasting
  4826 | D:5      | Reached skill level 8 in Summonings
  4826 | D:5      | Reached XP level 7. HP: 46/46 MP: 14/14
  4955 | D:5      | Found a shattered altar of Ashenzari.
  4966 | D:5      | Noticed Menkaure
  4992 | D:5      | Killed Menkaure
  5574 | D:5      | Gained mutation: You have sharp fingernails. [mutagenic meat]
  5575 | D:5      | Gained mutation: You are dopey. (Int -2) [mutagenic meat]
  5576 | D:5      | Gained mutation: Your magical capacity is low. (-10% MP) [mutagenic meat]
  5771 | D:5      | Reached skill level 9 in Summonings
  5831 | D:5      | Reached XP level 8. HP: 52/52 MP: 9/15
  6279 | D:5      | Learned a level 4 spell: Summon Ice Beast
  6284 | D:5      | Learned a level 4 spell: Summon Lightning Spire
  6351 | D:6      | Noticed Blork the orc
  6360 | D:6      | Killed Blork the orc
  6602 | D:6      | Reached skill level 10 in Summonings
  6829 | D:6      | Found an iron altar of Okawaru.
  6829 | D:6      | Found a snail-covered altar of Cheibriados.
  6834 | D:6      | Found a faded altar of an unknown god.
  6836 | D:6      | Found a deep blue altar of Sif Muna.
  6838 | D:6      | Found a faded altar of an unknown god.
  6857 | D:6      | Became a worshipper of Sif Muna the Loreminder
  7087 | D:7      | Got a crude leather armour
  7098 | D:7      | Identified the +1 leather armour of the Empire {rElec rC+} (You found it on level 7 of the Dungeon)
  7139 | D:7      | Got a crude dagger
  7140 | D:7      | Identified the +1 dagger "Gephal Wuom" {antimagic, Str+3 Int+4 Dex+4} (You found it on level 7 of the Dungeon)
  7453 | D:7      | Found a staircase to the Ecumenical Temple.
  7903 | D:7      | Gained mutation: You are very dopey. (Int -4) [mutagenic meat]
  8008 | D:7      | Lost mutation: You are very dopey. (Int -4) [potion of mutation]
  8008 | D:7      | Lost mutation: You have sharp fingernails. [potion of mutation]
  8008 | D:7      | Lost mutation: Your magical capacity is low. (-10% MP) [potion of mutation]
  8008 | D:7      | Lost mutation: You are dopey. (Int -2) [potion of mutation]
  8008 | D:7      | Gained mutation: You tend to lose your temper in combat. [potion of mutation]
  8008 | D:7      | Gained mutation: You are resistant to hostile enchantments. (MR+) [potion of mutation]
  8014 | D:7      | Lost mutation: You are resistant to hostile enchantments. (MR+) [potion of mutation]
  8014 | D:7      | Lost mutation: You tend to lose your temper in combat. [potion of mutation]
  8014 | D:7      | Gained mutation: You are resistant to hostile enchantments. (MR+) [potion of mutation]
  8014 | D:7      | Gained mutation: Potions are less effective at restoring your health. [potion of mutation]
  8014 | D:7      | Gained mutation: You are agile. (Dex +2) [potion of mutation]
  8126 | D:8      | Gained mutation: Your system is resistant to poisons. (rPois) [mutagenic meat]
  8195 | D:8      | Reached XP level 9. HP: 57/57 MP: 13/20
  8466 | D:8      | Reached * piety under Sif Muna
  8472 | D:8      | Found a sacrificial altar of Ru.
  8571 | D:8      | Reached skill level 11 in Summonings
  8722 | D:8      | Noticed a two-headed ogre
  8728 | D:8      | Killed a two-headed ogre
  8897 | D:8      | Found a staircase to the Lair.
  8930 | D:8      | Reached ** piety under Sif Muna
  8979 | D:8      | Found Ucwoasmaed's Assorted Antiques.
  8983 | D:8      | Bought a papyrus book for 375 gold pieces
  9636 | D:9      | Reached skill level 12 in Summonings
 10022 | D:9      | Reached XP level 10. HP: 62/63 MP: 23/23
 10566 | D:9      | Found a hazy altar of Hepliaklqana.
 10654 | D:9      | Noticed a two-headed ogre
 10705 | D:9      | Killed a two-headed ogre
 11098 | D:10     | Entered Level 10 of the Dungeon
 11273 | D:10     | Found a shadowy altar of Dithmenos.
 11292 | D:10     | Noticed a two-headed ogre
 11301 | D:10     | Killed a two-headed ogre
 11301 | D:10     | Reached *** piety under Sif Muna
 11657 | D:10     | Noticed a gargoyle
 11670 | D:10     | Killed a gargoyle
 11854 | D:10     | Reached skill level 5 in Ice Magic
 12017 | D:11     | Noticed a red ugly thing
 12030 | D:11     | Killed a red ugly thing
 12030 | D:11     | Reached skill level 5 in Air Magic
 12194 | D:11     | Found a stormy altar of Qazlal.
 12702 | D:11     | Noticed a green ugly thing
 12708 | D:11     | Killed a green ugly thing
 12708 | D:11     | Reached **** piety under Sif Muna
 12713 | D:11     | Gained mutation: Armour fits poorly on your strangely shaped body. [mutagenic meat]
 12714 | D:11     | Gained mutation: Your flesh is cold resistant. (rC+) [mutagenic meat]
 12715 | D:11     | Gained mutation: You tend to lose your temper in combat. [mutagenic meat]
 12716 | D:11     | Lost mutation: You tend to lose your temper in combat. [mutagenic meat]
 12849 | D:11     | Noticed a cyclops
 12867 | D:11     | Killed a cyclops
 13093 | D:12     | Noticed a four-headed hydra
 13101 | D:12     | Noticed a gargoyle
 13105 | D:12     | Killed a four-headed hydra
 13105 | D:12     | Reached XP level 11. HP: 68/68 MP: 9/24
 13575 | D:12     | Noticed a manticore
 13589 | D:12     | Lost mutation: You are agile. (Dex +2) [mutagenic meat]
 13591 | D:12     | Gained mutation: You have sharp toenails. [mutagenic meat]
 13604 | D:12     | Killed a manticore
 13617 | D:12     | Noticed a centaur warrior
 13630 | D:12     | Killed a centaur warrior
 14082 | D:12     | Noticed a manticore
 14091 | D:12     | Killed a manticore
 14162 | D:12     | Found a staircase to the Orcish Mines.
 14580 | D:12     | Noticed a death yak
 14601 | D:12     | Killed a death yak
 14750 | D:12     | Noticed a tengu warrior
 14769 | D:12     | Noticed a two-headed ogre
 14770 | D:12     | Noticed a tengu warrior
 14782 | D:12     | Killed a two-headed ogre
 14782 | D:12     | Reached skill level 10 in Ice Magic
 14782 | D:12     | Killed a tengu warrior
 15245 | D:12     | Killed a tengu warrior
 15245 | D:12     | Reached ***** piety under Sif Muna
 15248 | D:12     | Reached skill level 10 in Spellcasting
 15282 | D:12     | Lost mutation: You are resistant to hostile enchantments. (MR+) [mutagenic meat]
 15598 | D:12     | Noticed an ogre mage
 15618 | D:12     | Killed an ogre mage
 15618 | D:12     | Received a gift from Sif Muna
 15621 | D:12     | Identified Sif Muna's Guide on Aerial Beguiling (Sif Muna gifted it to you on level 12 of the Dungeon)
 15629 | D:12     | Noticed a deep elf annihilator
 15633 | D:12     | Noticed a phantasmal warrior
 15649 | D:12     | Killed a phantasmal warrior
 15655 | D:12     | Killed a deep elf annihilator
 15655 | D:12     | Reached skill level 13 in Summonings
 15719 | D:12     | Noticed a yaktaur captain
 15723 | D:12     | Got a pitted mace {protect}
 15739 | D:12     | HP: 2/68 [yaktaur captain/bolt (28)]
 16066 | D:12     | Noticed a sphinx
 16082 | D:12     | Killed a sphinx
 16247 | D:12     | Noticed a tengu reaver
 16248 | D:12     | Shot with a bolt by a yaktaur captain

Skill      XL: |  1  2  3  4  5  6  7  8  9 10 11 |
---------------+----------------------------------+-----
Summonings     | 5 6 7 8 9 10 12 13 | 13.3
Spellcasting   | 3 4 5 6 7 9 10 | 10.3
Ice Magic      | 7 10 | 10.2
Air Magic      | 6 8 |  8.4
Dodging        | |  2.1
Stealth        | |  1.7
Hexes          | |  0.7

Action                   |  1- 3 |  4- 6 |  7- 9 | 10-12 || total
-------------------------+-------+-------+-------+-------++-------
Melee: Unarmed           |     2 |     2 |       |       ||     4
       Spear             |       |       |     3 |       ||     3
 Cast: Summon Small Mamm |    54 |    13 |     8 |       ||    75
       Call Imp          |    11 |    45 |    28 |       ||    84
       Call Canine Famil |       |    48 |    59 |    82 ||   189
       Summon Guardian G |       |     8 |    13 |    22 ||    43
       Summon Ice Beast  |       |       |    42 |    88 ||   130
       Summon Lightning  |       |       |    24 |    50 ||    74
 Abil: Hop               |     3 |     4 |     4 |     9 ||    20
Evoke: Wand              |       |       |       |     3 ||     3
       Lightning rod     |       |       |       |     2 ||     2
  Use: Scroll            |       |     3 |       |    19 ||    22
       Potion            |       |       |    12 |     2 ||    14
  Eat: Chunk             |     3 |    19 |    32 |    29 ||    83
       Fruit             |       |       |       |     2 ||     2
       Meat ration       |       |       |       |     1 ||     1
       Royal jelly       |       |       |       |     1 ||     1
Armor: Robe              |    22 |    37 |    18 |       ||    77
       Leather armour    |       |       |    45 |    52 ||    97
Dodge: Dodged            |    50 |    57 |    88 |    74 ||   269
